[Event "Chinese League Div-A Rapid 2022"]
[Site "Fuling,Chongqing"]
[Date "2022.09.10"]
[Round "4.30"]
[White "Guo, Qi"]
[Black "Li, Xueyi"]
[Result "1-0"]
[ECO "D46"]
[WhiteElo "2406"]
[BlackElo "2280"]
[Annotator "TA"]
[PlyCount "167"]
[EventDate "2022.09.07"]
[EventType "team-tourn"]
[EventCountry "CHN"]
[SourceTitle "playchess.com"]
[Source "ChessBase"]
[SourceQuality "1"]
[TimeControl "1500+10"]

1. d4 d5 2. c4 c6 3. Nf3 Nf6 4. Nc3 e6 5. e3 Nbd7 6. Qc2 b6 7. Bd3 Bb7 8. O-O Be7 9. b3 O-O 10. Bb2 Rc8 11. Qe2 {[%emt 0:00:43] D46: Semi-Slav: 5 e3 Nbd7 6 Bd3, Black avoids the Meran.} dxc4 12. bxc4 c5 13. Rad1 {[%emt 0:00:06][%cal Od4d5] White has an edge.} Qc7 14. d5 exd5 15. cxd5 {[%emt 0:00:04] [#]} c4 $146 ({Predecessor:} 15... Nxd5 16. Nxd5 Bxd5 17. Qc2 Qc6 18. Bxh7+ Kh8 19. Qf5 Bf6 20. Qh3 Bxb2 21. Bg6+ {1-0 (20) Ginsburg,J-Everson,D St Paul 1982}) 16. Bb1 ({White should try} 16. Bf5 $14) 16... a6 $11 17. a4 {[%emt 0:01:04] Prevents b5.} Bd6 (17... g6 $11) 18. h3 ({White should play} 18. Bf5 $14) 18... Rfe8 19. Qc2 (19. e4 $11) 19... g6 20. Ba1 Bf8 (20... Qc5 $5 ) 21. Rd4 Qc5 {[%emt 0:04:11] next ...Bg7 is good for Black.} 22. Ba2 b5 (22... Nxd5 23. Rxc4 Qxc4 24. Bxc4 Rxc4 25. Qd3 $18) 23. Qb2 Bg7 (23... Bxd5 $2 24. Rxd5 $1 Qb4 25. Qxb4 (25. axb5 Qxb2 26. Bxb2 Nxd5 $16) 25... Bxb4 26. Rdd1 $18) (23... Nxd5 $2 24. Rxd5 $1 Bxd5 25. Nxd5 $18) 24. axb5 Nb6 (24... Bxd5 $11 {remains equal.} 25. Nxd5 (25. bxa6 Bxf3 26. gxf3 Qh5 $11) 25... Nxd5) 25. bxa6 $16 Bxd5 (25... Bxa6 $142 26. Rfd1 Nfd7) 26. Qb5 $2 (26. Nxd5 $16 Nfxd5 {[#]} 27. Rxd5 $1 Bxb2 28. Rxc5 Rxc5 29. Bxb2) 26... Bxf3 (26... Qxb5 $1 $11 27. Nxb5 Rc5) 27. Qxc5 ({Better is} 27. gxf3 $16 {Threatens to win with Rb1.} Rc6 28. Rfd1) 27... Rxc5 $11 28. gxf3 Ra5 29. Bxc4 {[%emt 0:00:38] And now Bb5 would win.} Nxc4 {[%emt 0:00:03][%mdl 64] Remove Defender} 30. Rxc4 Rxa6 31. Ne2 Ra2 32. Re1 Nd7 33. Bxg7 Kxg7 34. f4 {[%emt 0:00:02] Inhibits Ne5.} Rb8 35. Nd4 Rbb2 36. Rf1 ({Don't play} 36. Rc7 Rxf2 37. Rxd7 Rg2+ 38. Kh1 Rh2+ 39. Kg1 Rhg2+ 40. Kh1 Rh2+ 41. Kg1 Rhg2+ $11) 36... Nf6 37. Nf3 Nd5 38. Re4 h6 39. Re5 Nc3 40. h4 Nb1 (40... Ne2+ $11 41. Kg2 Nc3) 41. h5 $16 Nd2 42. Nxd2 Rxd2 43. hxg6 Kxg6 {[%emt 0:00:12][%mdl 4096] Endgame KRR-KRR} 44. Kg2 Kg7 (44... f5 $16) 45. Kf3 $18 Rdb2 46. Rg1+ Kf8 47. Rg2 Ra6 48. Rc5 Raa2 $2 {[%emt 0:00:11] A mistake that costs the game.} (48... Rb8 $16 49. Rg1 Rab6) 49. Rc8+ Ke7 50. Rc7+ Kf8 51. Rc6 h5 52. Rc5 {[%emt 0:00:01] Prevents Rb5.} h4 53. Rh5 Ra6 54. Rxh4 Raa2 55. Rh7 Ke7 56. Rh6 Rc2 57. Rb6 Rd2 58. Rh2 Rdc2 59. Kg3 Kf8 $2 (59... Re2 60. f5 Reb2) 60. f5 {[%emt 0:00:31][%cal Bf4f5,Bf5f6][%mdl 32] White wants to mate with f6.} Rc5 61. e4 (61. f6 $142 Ke8 62. Rb7 Rg5+ 63. Kf3) 61... Rc3+ 62. Kg4 {[%emt 0:00:12] White threatens f6 and mate.} Re2 63. f6 Ke8 64. Rh8+ (64. Rd6 $142 Rxe4+ 65. f4 Rxf4+ 66. Kxf4 Rc4+ 67. Ke5 Rc5+ 68. Kd4 Rd5+ 69. Rxd5 Kf8 70. Rh8#) 64... Kd7 {[%emt 0:00:00] White is clearly winning.} 65. f3 {[%emt 0:00:03] Rh7 is the strong threat.} Rg2+ 66. Kf4 {[%emt 0:00:03] Strongly threatening Rh7.} Rf2 67. Rf8 Rfxf3+ 68. Ke5 Kc7 69. Ra6 Kb7 70. Ra4 Rc7 71. Rb4+ Ka7 72. Kd6 Rfc3 73. e5 R3c6+ 74. Kd5 {[%emt 0:00:02][%cal Of8f7] Hoping for Rxf7!} Ra6 75. Re8 Ra5+ 76. Ke4 (76. Kd6 $142 Rc3 77. e6 Ra6+ 78. Ke7 Rxe6+ 79. Kxf7) 76... Rcc5 77. Re7+ Ka6 78. Kf4 {[%emt 0:00:04] Black must now prevent Kf5.} Rc1 79. Kg5 Rg1+ 80. Kf5 Rf1+ 81. Rf4 Re1 82. Kg5 Rg1+ 83. Rg4 Re1 84. Kh6 {[%emt 0:00:02] Weighted Error Value: White=0.20 (precise) /Black=0.29 (precise)} 1-0

[Event "Chinese League Div-A Rapid 2022"]
[Site "Fuling,Chongqing"]
[Date "2022.09.11"]
[Round "5.1"]
[White "Zhang, Zhong"]
[Black "Xu, Yinglun"]
[Result "1/2-1/2"]
[ECO "C01"]
[WhiteElo "2617"]
[BlackElo "2549"]
[Annotator "TA"]
[PlyCount "50"]
[EventDate "2022.09.07"]
[EventType "team-tourn"]
[EventCountry "CHN"]
[SourceTitle "playchess.com"]
[Source "ChessBase"]
[SourceQuality "1"]
[TimeControl "1500+10"]

1. e4 e6 2. d4 d5 3. exd5 exd5 4. Nf3 Nf6 5. Bd3 Bd6 6. Qe2+ Be6 $1 {[%emt 0:02:04][%mdl 4] is recently more successful than 6...Qe7. C01: French: Exchange Variation.} 7. c4 dxc4 8. Bxc4 Qe7 {[%emt 0:00:31] [#] White must now prevent ...Bxc4. The position is equal.} 9. O-O O-O 10. Nc3 Nbd7 11. Re1 {[%emt 0:00:31] [#] Hoping for d5.} Rae8 $146 {[%emt 0:01:13] aiming for ...Bxc4.} ({Predecessor:} 11... Bxc4 12. Qxc4 Nb6 13. Qb3 Qd7 14. Bg5 Qf5 15. Nb5 Rfb8 16. Nxd6 cxd6 17. Bxf6 Qxf6 {½-½ (31) Kobo,O (2485)-Fridman,D (2631) Israel 2019}) 12. Bg5 h6 13. Bh4 Qd8 14. Bxe6 Rxe6 15. Qb5 Rxe1+ $1 16. Rxe1 Qc8 17. Bg3 c6 18. Qa5 Bxg3 19. hxg3 a6 20. Qb4 Re8 21. Rxe8+ Nxe8 22. Ne4 Ndf6 23. Nc5 Nd6 24. Nd3 Qe6 25. Nfe5 Nd5 {[%emt 0:00:42] Weighted Error Value: White=0.08 (flawless) /Black=0.05 (flawless)} 1/2-1/2

[Event "Chinese League Div-A Rapid 2022"]
[Site "Fuling,Chongqing"]
[Date "2022.09.11"]
[Round "5.2"]
[White "Xu, Yi"]
[Black "Xue, Haowen"]
[Result "0-1"]
[ECO "B47"]
[WhiteElo "2507"]
[BlackElo "2128"]
[Annotator "TA"]
[PlyCount "98"]
[EventDate "2022.09.07"]
[EventType "team-tourn"]
[EventCountry "CHN"]
[SourceTitle "playchess.com"]
[Source "ChessBase"]
[SourceQuality "1"]
[TimeControl "1500+10"]

1. e4 c5 2. Nf3 Nc6 3. d4 cxd4 4. Nxd4 Qc7 5. Nc3 e6 6. Be3 Nf6 7. Ndb5 Qb8 $1 8. f4 {[%emt 0:01:21] e5 is the strong threat. B47: Sicilian: Taimanov: 5 Nc3 Qc7 6 f4, 6 g3 and 6 Be2.} a6 9. e5 axb5 10. exf6 {[%emt 0:00:02] The position is equal.} b4 11. Nb5 b6 $1 12. fxg7 Bxg7 13. Nd6+ Ke7 $1 14. Nc4 Ra6 (14... d5 $11 {keeps the balance.} 15. Nxb6 Ra5) 15. Qd2 {[%emt 0:02:15] [#]} ({White should try} 15. Qh5 $16) 15... d6 $146 ({Much less strong is} 15... d5 16. Ne5 Nxe5 17. Bd4 $16 (17. fxe5 Qxe5 18. Qxb4+ Kd7 $14) (17. Qxb4+ Kd7 $14) (17. Bxa6 Ng4 $14)) (15... b5 $11 16. Bc5+ Kd8) ({Predecessor:} 15... Rd8 16. Rd1 d6 17. Qf2 b5 18. Nxd6 Rxd6 19. Bc5 Nd8 20. Bxb4 Bd7 21. Rxd6 Rxd6 {0-1 (40) Lobanov,S (2516)-Pogosyan,S (2364) New Delhi 2019}) 16. f5 (16. Rd1 $1 $14) 16... b5 $1 $11 17. Bg5+ $1 Kd7 $1 {[%emt 0:03:24] [#]} ({But not} 17... f6 18. Bh6 Bf8 19. Bxf8+ Rxf8 20. Ne3 $14) 18. f6 (18. Qf2 $1 $11 Ke8 19. f6) 18... Bf8 $15 19. Ne3 Qb6 (19... d5 $5 20. g3 (20. Nxd5 Qe5+ 21. Qe3 exd5 $17) 20... Bd6 $15) 20. Be2 Rg8 $36 {[%emt 0:02:02][%mdl 2048] Black has some pressure.} 21. Bf4 {[%emt 0:00:57] [#]} (21. h4 $11) 21... Qd4 $1 $17 22. Qxd4 Nxd4 23. Bd3 h5 24. c3 (24. h4 $15) 24... bxc3 25. bxc3 Ra3 26. Kd2 {[%emt 0:04:42] This move loses the game for White.} (26. Bh7 $17 {was necessary.} Rh8 27. cxd4 Rxh7 28. O-O) 26... e5 $19 27. Bg3 {[%emt 0:04:07] [#]} Bh6 $1 {[%emt 0:00:23][%cal Oh5h4] aiming for ...h4!} 28. cxd4 exd4 {[%emt 0:00:07][%mdl 64] Pin} 29. Bxb5+ Kd8 {[%emt 0:00:05] Chess con chili.} 30. Kc2 Bxe3 31. Kb2 Rc3 32. Rhe1 h4 33. Bxd6 Rxg2+ 34. Re2 Rxe2+ 35. Bxe2 Bf5 36. Bb5 $2 (36. Bd1 Rc6 37. Be7+ Kc7 38. Bb3) 36... Rc2+ 37. Kb3 d3 38. Be7+ Kc7 39. Bc4 d2 {[%emt 0:00:11] And now ...Rc1 would win.} 40. Ba3 {[%emt 0:00:10] [#]} Rxc4 $1 41. Kxc4 {[%emt 0:00:02][%mdl 4096] Endgame KRB-KB} Bc2 {[%emt 0:00:01] ( -> ...Bf4). This bishop pair is nice.} 42. Kd5 Bf4 43. h3 d1=Q+ 44. Rxd1 Bxd1 45. Ke4 Bg3 46. Bb4 Kd7 47. Kf5 Bc2+ {[%emt 0:00:16] Black mates.} 48. Kg5 Ke6 49. Bc3 Bf5 {[%emt 0:00:08] Weighted Error Value: White=0.72/Black=0.08 (flawless)} 0-1

[Event "Chinese League Div-A Rapid 2022"]
[Site "Fuling,Chongqing"]
[Date "2022.09.11"]
[Round "5.3"]
[White "Lou, Yiping"]
[Black "Wen, Yang"]
[Result "1/2-1/2"]
[ECO "E36"]
[WhiteElo "2485"]
[BlackElo "2588"]
[Annotator "TA"]
[PlyCount "37"]
[EventDate "2022.09.07"]
[EventType "team-tourn"]
[EventCountry "CHN"]
[SourceTitle "playchess.com"]
[Source "ChessBase"]
[SourceQuality "1"]
[TimeControl "1500+10"]

1. d4 Nf6 2. c4 e6 3. Nc3 Bb4 4. Qc2 d5 5. a3 Bxc3+ 6. Qxc3 O-O 7. Nf3 dxc4 8. Qxc4 b6 9. Bg5 {[%emt 0:00:40] E36: Nimzo-Indian: Classical: 4...d5 5 a3.} Ba6 10. Qa4 Qd7 {[%emt 0:00:23] Recently 10...h6 got a lot of attention.} 11. Qxd7 {[%emt 0:01:25] White has an edge.} Nbxd7 12. Bxf6 gxf6 13. e3 Bxf1 14. Rxf1 c5 15. Ke2 cxd4 16. Nxd4 Rac8 17. Rac1 {[%emt 0:02:40] [#] White is slightly better.} Ne5 $146 {[%emt 0:00:15] Inhibits Nc6.} ({Predecessor:} 17... Nc5 18. b4 Ne4 19. Nc6 Rc7 20. f3 Nd6 21. Rfd1 Nf5 22. g4 Ne7 23. Nxe7+ Rxe7 {½-½ (30) Machlik,M (1967)-Lobersli,H (2078) Fagernes 2015}) 18. b3 f5 19. Nf3 {[%emt 0:00:39] Weighted Error Value: White=0.03 (flawless) /Black=0.07 (flawless)} ({White should try} 19. Nb5 $14) 1/2-1/2

[Event "Chinese League Div-A Rapid 2022"]
[Site "Fuling,Chongqing"]
[Date "2022.09.11"]
[Round "5.4"]
[White "Song, Yuxin"]
[Black "Ju, Wenjun"]
[Result "0-1"]
[ECO "C78"]
[WhiteElo "2317"]
[BlackElo "2560"]
[Annotator "TA"]
[PlyCount "108"]
[EventDate "2022.09.07"]
[EventType "team-tourn"]
[EventCountry "CHN"]
[SourceTitle "playchess.com"]
[Source "ChessBase"]
[SourceQuality "1"]
[TimeControl "1500+10"]

1. e4 e5 2. Nf3 Nc6 3. Bb5 a6 4. Ba4 Nf6 5. O-O Bc5 6. c3 b5 7. Bb3 d6 8. d4 Bb6 9. a4 Bb7 10. Re1 O-O 11. Bg5 h6 12. Bh4 b4 $5 {[%emt 0:00:02][%mdl 4] Leaves trodden paths. C78: Ruy Lopez: Archangelsk and Möller Defences.} 13. Qd3 Na5 {[%emt 0:01:42] [#]} 14. Nbd2 $146 ({Predecessor:} 14. Bc2 c5 15. cxb4 cxb4 16. Nbd2 Nc6 17. Nb3 a5 18. Rac1 Ba6 19. Qd2 Rc8 20. Bd3 {0-1 (56) Wagner,D (2581)-Kollars,D (2598) Magdeburg 2021}) 14... bxc3 {[%emt 0:01:05] The position is equal.} 15. bxc3 Nxb3 16. Nxb3 a5 17. Rad1 Qe7 18. c4 c5 19. dxe5 dxe5 20. Qd6 (20. Nbd2 $11) 20... Qxd6 $17 21. Rxd6 Bc7 22. Rdd1 Nxe4 {[%emt 0:00:56] Threatens to win with ...Bc6.} 23. Rd7 Rac8 24. Nxe5 $1 Rfe8 25. Nd3 {[%emt 0:00:52] This costs White the game.} (25. f4 $17) 25... Bc6 $19 26. Re7 g5 27. Rxe8+ Rxe8 28. f3 Bxa4 (28... gxh4 29. fxe4 Bxa4 30. Nbxc5 $17) 29. Rxe4 (29. fxe4 {keeps fighting.} Bxb3 30. Nxc5) 29... Rxe4 ({Worse is} 29... gxh4 30. Rg4+ Kh7 31. Nbxc5 $17) 30. fxe4 Bxb3 {[%emt 0:00:02][%cal Ba4b3,Bb3c4,Bc4b5,Bb5c6,Bc6d5][%mdl 32] A strong pair of Bishops.} ({Wrong is} 30... gxh4 $2 31. Ndxc5 Bb6 32. Kf1 $19) 31. Nxc5 Bxc4 {[%emt 0:00:45][%mdl 4096] Endgame KBB-KBN} ({Not} 31... gxh4 32. Nxb3 a4 33. Nc1 $17) 32. Be1 Bb5 {[%emt 0:00:35] Prevents Nd7.} 33. Bc3 a4 {[%emt 0:00:13][%cal Ba5a4,Ba4a3][%mdl 32] Hoping for ...a3.} 34. Kf2 a3 35. Nb3 Bc6 36. e5 Bd5 37. Na1 Bb6+ 38. Kf1 Be3 {[%emt 0:00:51] ...Bc1 is the strong threat.} 39. g3 Kh7 40. Nc2 Bc1 41. Bb4 a2 {[%emt 0:00:16] [#] White must now prevent ...Bb2.} 42. Bc3 {[%emt 0:00:00] Against Bb2} Kg6 43. Nd4 Be3 {[%emt 0:01:25] aiming for ...Bc4+.} 44. g4 (44. h3 $142) 44... Bf4 45. Nf5 Be6 46. Ne7+ Kh7 47. h3 h5 48. Nf5 f6 {[%emt 0:01:37] [#] ( -> ...Bxf5)} 49. exf6 Bxf5 {[%emt 0:00:01] Black mates.} 50. gxf5 {[%emt 0:00:07] KB-KB} Kg8 51. Ke2 Kf7 52. Kf3 Bc7 53. Ke4 Bd8 54. Kd3 Bxf6 {[%emt 0:00:01] Weighted Error Value: White=0.60/Black=0.11 (very precise)} 0-1

[Event "Chinese League Div-A Rapid 2022"]
[Site "Fuling,Chongqing"]
[Date "2022.09.11"]
[Round "5.5"]
[White "Li, Xueyi"]
[Black "Ning, Kaiyu"]
[Result "0-1"]
[ECO "E11"]
[WhiteElo "2280"]
[BlackElo "2374"]
[Annotator "RC"]
[PlyCount "114"]
[EventDate "2022.09.07"]
[EventType "team-tourn"]
[EventCountry "CHN"]
[SourceTitle "playchess.com"]
[Source "ChessBase"]
[SourceQuality "1"]
[TimeControl "1500+10"]

1. d4 d5 2. Nf3 Nf6 3. c4 e6 4. g3 Bb4+ 5. Bd2 a5 6. Bg2 O-O 7. O-O dxc4 8. Qc2 Bxd2 9. Nbxd2 b5 10. a4 c6 11. e4 Na6 12. e5 Nb4 13. Qb1 Nfd5 14. Ne4 h6 15. h4 Ba6 16. Rd1 Nd3 17. Bf1 N5b4 18. Nd6 Qb6 19. Rd2 Rad8 20. Qd1 Ra8 21. Qe2 bxa4 22. Qe4 c5 23. Bh3 Rad8 24. Bg2 f5 25. Qe3 Nd5 26. dxc5 Nxc5 27. Qe1 Nb3 28. Rad1 Nxd2 29. Rxd2 Nb4 30. Nd4 Nd3 31. Qe3 f4 32. gxf4 Nxf4 33. Be4 Qc7 34. Nc6 Ra8 35. Qc5 Nd3 36. Qe3 Kh8 37. Qh3 Nf4 38. Qg4 Bb7 39. Nxb7 Qxb7 40. Qd1 Qb3 41. f3 Qxd1+ 42. Rxd1 Ra6 43. Ra1 Rc8 44. Ne7 Re8 45. Nc6 Rc8 46. Ne7 Rc7 47. Rd1 Nd3 48. Ng6+ Kg8 49. Bxd3 cxd3 50. Rxd3 h5 51. Rd8+ Kf7 52. Nh8+ Ke7 53. Rb8 Kd7 54. Nf7 Kc6 55. Nd6 Rb6 56. Ra8 Rxb2 57. Rxa5 Kb6 0-1

[Event "Chinese League Div-A Rapid 2022"]
[Site "Fuling,Chongqing"]
[Date "2022.09.11"]
[Round "5.6"]
[White "Wei, Yi"]
[Black "Li, Chao b"]
[Result "1/2-1/2"]
[ECO "D94"]
[WhiteElo "2727"]
[BlackElo "2679"]
[Annotator "TA"]
[PlyCount "46"]
[EventDate "2022.09.07"]
[EventType "team-tourn"]
[EventCountry "CHN"]
[SourceTitle "playchess.com"]
[Source "ChessBase"]
[SourceQuality "1"]
[TimeControl "1500+10"]

1. d4 d5 2. c4 c6 3. e3 Nf6 4. Nc3 g6 5. Nf3 Bg7 6. Be2 O-O 7. O-O b6 {[%emt 0:00:06] Recently 7...a6 got a lot of attention.} 8. a4 {[%emt 0:00:23][%cal Oa4a5] D94: Grünfeld: 4 Nf3 Bg7 5 e3.} Ne4 9. Qb3 Nxc3 10. bxc3 {[%emt 0:00:11] White has an edge.} Ba6 11. Ba3 Re8 12. Ra2 e6 {[%emt 0:01:04] [#]} 13. Rc1 $146 ({Predecessor:} 13. cxd5 cxd5 14. Bb5 Bxb5 15. axb5 Qc7 16. Rc1 a6 17. c4 dxc4 18. Rxc4 Qb7 19. Rac2 axb5 20. Qxb5 {1-0 (34) Christenson,F (2303)-Johannessen,S (2317) Oslo 2004}) 13... Bb7 (13... Bxc4 $11 14. Bxc4 dxc4 15. Qxc4 Qc7) 14. cxd5 (14. Nd2 $5 ) 14... cxd5 15. c4 Nc6 16. c5 Na5 17. Qb1 Nc4 (17... Bc6 $11) 18. Nd2 $1 $14 ({Much weaker is} 18. Bxc4 dxc4 19. Rd2 (19. Rxc4 Bd5 $15) 19... Rb8 $15) 18... e5 19. Nxc4 dxc4 {[%emt 0:00:02] [#]} 20. Bxc4 (20. dxe5 $1 $16 {Black must now prevent f4.} c3 21. f4 (21. c6 Bxc6 22. Rxc3 Qd7 $16)) 20... exd4 $11 21. Qb3 (21. c6 $5 Bxc6 {[#]} 22. Bxf7+ $1 Kxf7 23. Rxc6 $11) 21... Qd7 22. cxb6 axb6 23. Qxb6 ({Better is} 23. Bb5 $11 Qe6 24. Qxe6 Rxe6 25. exd4) 23... Rxa4 {[%emt 0:04:29] Weighted Error Value: White=0.22 (precise) /Black=0.19 (very precise)} 1/2-1/2

[Event "Chinese League Div-A Rapid 2022"]
[Site "Fuling,Chongqing"]
[Date "2022.09.11"]
[Round "5.7"]
[White "Xu, Jun"]
[Black "Li, Haoyu"]
[Result "1-0"]
[ECO "D32"]
[WhiteElo "2474"]
[BlackElo "2369"]
[Annotator "TA"]
[PlyCount "69"]
[EventDate "2022.09.07"]
[EventType "team-tourn"]
[EventCountry "CHN"]
[SourceTitle "playchess.com"]
[Source "ChessBase"]
[SourceQuality "1"]
[TimeControl "1500+10"]

1. d4 Nf6 2. Nf3 e6 3. c4 c5 4. Nc3 d5 5. e3 a6 6. cxd5 exd5 7. Be2 Nc6 8. O-O Be7 9. dxc5 Bxc5 10. b3 O-O 11. Bb2 Ba7 12. Na4 {[%emt 0:00:20] D32: Tarrasch Defence: Sidelines and lines without g3.} Ne4 13. Rc1 Qd6 {[%emt 0:01:10] Prevents Ne5.} 14. Nd4 {[%emt 0:06:36] The position is equal.} Bb8 15. g3 {[%emt 0:00:33] aiming for Nb6.} Ne5 {[%emt 0:01:25] [#]} 16. Nc3 $146 (16. Rxc8 $1 $16 Rxc8 17. f4) ({Predecessor:} 16. f4 Ng6 17. Qc2 Ba7 18. Qc7 Qxc7 19. Rxc7 b5 {½-½ (19) Farago,I (2510)-Bezold,M (2395) Budapest 1993}) 16... Bh3 $11 {[%emt 0:00:30] Inhibits Nf5.} 17. Re1 Rd8 18. Qc2 Nf6 19. Nf3 $1 Nfg4 $2 ({Black should try} 19... h6 $14) 20. Nxe5 (20. Ng5 Qh6 21. Qf5 g6 $15) 20... Qxe5 (20... Nxe5 $16 21. Red1 Be6 22. Nxd5 Bxd5) 21. Rcd1 $2 (21. Red1 $18 Nxe3 22. fxe3 Qxe3+ 23. Kh1) 21... Nxe3 $14 22. fxe3 Qxe3+ 23. Kh1 Bxg3 $2 24. Rg1 $18 Be5 {[%emt 0:00:53] Hoping for ...Qf2.} 25. Nxd5 Rxd5 26. Rxd5 Bxb2 27. Rd3 $2 $40 {[%emt 0:00:26][%mdl 128] White wants a kill.} ({Stronger than} 27. Rh5 {[#]} Bd7 $1 28. Rg3 (28. Qxb2 $2 Bc6+ 29. Rg2 g6 $19) (28. Qxh7+ Kf8 $17) 28... Bc6+ 29. Qxc6 Qxg3 30. hxg3 bxc6 $15) (27. Rg3 Qe6 28. Qxb2 $1) 27... Qe4+ (27... Bf5 {is a better chance.}) 28. Bf3 {[%emt 0:00:08][%mdl 64] Skewer, Deflection. White is clearly winning.} Qe5 29. Bxb7 {[%emt 0:00:24][%mdl 64] Discovered Attack} Bf5 30. Bxa8 {[%emt 0:00:11] Intending Rd8+ and mate.} h5 31. Rd8+ Kh7 32. Qd2 Ba3 33. Bf3 Be7 34. Rd5 Qf6 35. Qf4 {[%emt 0:00:15] Weighted Error Value: White=0.50/Black=0.90} 1-0

[Event "Chinese League Div-A Rapid 2022"]
[Site "Fuling,Chongqing"]
[Date "2022.09.11"]
[Round "5.8"]
[White "Chen, Qi b"]
[Black "Zhang, Di"]
[Result "1/2-1/2"]
[ECO "B45"]
[WhiteElo "2485"]
[BlackElo "2108"]
[Annotator "TA"]
[PlyCount "69"]
[EventDate "2022.09.07"]
[EventType "team-tourn"]
[EventCountry "CHN"]
[SourceTitle "playchess.com"]
[Source "ChessBase"]
[SourceQuality "1"]
[TimeControl "1500+10"]

1. e4 c5 2. Nc3 e6 3. Nf3 Nc6 4. d4 cxd4 5. Nxd4 Nf6 6. a3 d5 7. exd5 {[%emt 0:00:39] B45: Sicilian Four Knights.} (7. Bb5 {keeps more tension.} Bd7 8. exd5 exd5 9. O-O) 7... Nxd5 (7... exd5 {seems wilder.} 8. Bb5 Bd7 9. O-O Be7) 8. Nxd5 Qxd5 9. Nxc6 Qxc6 10. Be3 Bc5 {[%emt 0:01:09] Prevents Qd4.} 11. Qh5 b6 {[%emt 0:01:22] [#]} (11... Bxe3 $2 12. Bb5 Bb6 13. Bxc6+ $18) 12. O-O-O $146 {[%emt 0:04:33] Bd4 is the strong threat.} ({Predecessor:} 12. b4 g6 13. Qe5 f6 14. Qxf6 Rf8 15. Qc3 Bb7 16. bxc5 O-O-O 17. Bd3 Qxg2 18. O-O-O {1-0 (59) Smieszek,W (2107)-Janeczko,J (1976) Warsaw 2021}) 12... O-O 13. Bd3 Bxe3+ 14. fxe3 g6 15. Qh6 {[%emt 0:03:14] And now h4 would win.} e5 {[%emt 0:00:33] [#]} (15... a5 $14) 16. e4 {[%emt 0:00:13] White is more active.} (16. h4 $1 $16 ) 16... Bg4 $11 17. Rd2 Rac8 {[%emt 0:03:58] [#]} (17... Qc7 $11) 18. Kb1 (18. Qg5 $1 $16 Qe6 19. Kb1) 18... Be6 {[%emt 0:01:22] The position is equal.} 19. h4 Bc4 20. h5 {[%emt 0:01:10] Hoping for Bxc4.} Bxd3 21. cxd3 Rc7 22. Rf2 Qd6 23. Rf3 Rfc8 24. hxg6 fxg6 25. Rhf1 Rc2 26. Rf7 Rxb2+ $1 27. Kxb2 Qd4+ 28. Kb1 Qxd3+ 29. Ka1 Qxa3+ 30. Kb1 Qb3+ 31. Ka1 Qa4+ 32. Kb1 Qxe4+ 33. Ka1 $1 (33. Kb2 {leads to mate.} Rc2+ 34. Ka3 Qd3+ 35. Kb4 Qc4+ 36. Ka3 Ra2#) 33... Qa4+ 34. Kb1 {[%emt 0:00:01][%csl Gf7][%cal Rh6h7] Really sharp!} Qb4+ 35. Ka1 {[%emt 0:00:02] Weighted Error Value: White=0.11 (very precise) /Black=0.10 (very precise)} 1/2-1/2

[Event "Chinese League Div-A Rapid 2022"]
[Site "Fuling,Chongqing"]
[Date "2022.09.11"]
[Round "5.9"]
[White "Wang, Yu A."]
[Black "Zhang, Xiao"]
[Result "1/2-1/2"]
[ECO "B18"]
[WhiteElo "2271"]
[BlackElo "2073"]
[Annotator "RC"]
[PlyCount "85"]
[EventDate "2022.09.07"]
[EventType "team-tourn"]
[EventCountry "CHN"]
[SourceTitle "playchess.com"]
[Source "ChessBase"]
[SourceQuality "1"]
[TimeControl "1500+10"]

1. e4 c6 2. d4 d5 3. Nc3 dxe4 4. Nxe4 Bf5 5. Ng3 Bg6 6. Nh3 Nd7 7. Nf4 Ngf6 8. Be2 e5 9. dxe5 Nxe5 10. Qxd8+ Rxd8 11. Nxg6 hxg6 12. Be3 b6 13. h3 Bd6 14. O-O-O Nd5 15. Bd2 O-O 16. h4 Rfe8 17. Bg5 f6 18. Bd2 Kf7 19. h5 gxh5 20. Bxh5+ g6 21. Be2 Rh8 22. Rxh8 Rxh8 23. c4 Ne7 24. Bc3 Bc7 25. Ne4 Rh4 26. f3 g5 27. Nd6+ Bxd6 28. Rxd6 Rh1+ 29. Rd1 Rh2 30. Bf1 Nf5 31. Bxe5 fxe5 32. Kd2 Rh4 33. Kc3 Ne3 34. Re1 Nxf1 35. Rxf1 Rh2 36. Rg1 Ke6 37. Kd3 Kf5 38. Ke3 c5 39. b3 Ke6 40. Ke4 Rh4+ 41. Ke3 Rh2 42. Ke4 Rh4+ 43. Ke3 1/2-1/2